 Dungeon Crawl Stone Soup version 0.22-a0-192-g6ffc940 (webtiles) character file.

161 4thArraOfDagon the Grave Robber (level 5, -3/33 HPs)
             Began as a Felid Wanderer on Feb 16, 2018.
             Was an Initiate of Cheibriados.
             Slain by a water moccasin (5 damage)
             ... in the Ecumenical Temple.
             The game lasted 00:07:38 (1098 turns).

4thArraOfDagon the Grave Robber (Felid Wanderer)    Turns: 1098, Time: 00:07:38

Health: -3/33      AC: 25    Str:  9    XL:     5   Next: 18%
Magic:  9/9        EV:  4    Int: 19    God:    Cheibriados [......]
Gold:   43         SH:  0    Dex: 13    Spells: 3/8 levels left
                                        Lives:  0   Deaths: 1

rFire    + . .     SeeInvis +   (weapon unavailable)
rCold    + . .     Gourm    .   (shield unavailable)
rNeg     + + +     Faith    .   (armour unavailable)
rPois    +         Spirit   .   (helmet unavailable)
rElec    +         Reflect  .   (cloak unavailable)
rCorr    +         Harm     .   (gloves unavailable)
MR       .....     Rnd*Rage +   (boots unavailable) Stlth ++........NoTele +
                                (no amulet)
HPRegen  0.11/turn              f - +3 ring of protection
MPRegen  0.11/turn              (no ring)

@: lethally poisoned (-3 -> -14), tree-form, resistant, very slow
A: very small, no armour, no weapons or thrown items, stealth, see invisible,
berserk 1, carnivore, slow metabolism 1
a: Bend Time, Renounce Religion


You were in the Ecumenical Temple.
You worshipped Cheibriados.
Cheibriados was noncommittal.
You were full.
You were a tree.
You visited 2 branches of the dungeon, and saw 8 of its levels.

You collected 43 gold pieces.

Inventory:

Jewellery
 f - a +3 ring of protection (left branch)
Wands
 h - a wand of polymorph (3)
Scrolls
 j - a scroll of magic mapping
Books
 a - a book of Necromancy

   Spells                             Type                      Level
   a - Pain                           Necromancy                   1
   b - Animate Skeleton               Necromancy                   1
   c - Vampiric Draining              Necromancy                   3
   d - Regeneration                   Charms/Necromancy            3
   e - Animate Dead                   Necromancy                   4
 b - the Handbook of Air

   Spells                             Type                      Level
   a - Shock                          Conjuration/Air              1
   b - Static Discharge               Conjuration/Air              3
 e - a book of Debilitation

   Spells                             Type                      Level
   a - Corona                         Hexes                        1
   b - Slow                           Hexes                        2
   c - Inner Flame                    Hexes/Fire                   3
   d - Portal Projectile              Hexes/Translocation          3
   e - Cause Fear                     Hexes                        4
   f - Leda's Liquefaction            Hexes/Earth                  4
Comestibles
 c - 7 rations


   Skills:
 - Level 2.0 Fighting
 - Level 1.2 Dodging
 - Level 2.6 Stealth
 - Level 2.0 Spellcasting
   Level 1.2 Charms
 * Level 5.9 Necromancy
 - Level 1.1 Evocations


You had 3 spell levels left.
You knew the following spells:

 Your Spells              Type           Power        Failure   Level  Hunger
a - Pain                  Necr           ###.         1%          1    #......
b - Animate Skeleton      Necr           N/A          1%          1    #......
c - Vampiric Draining     Necr           ###.......   4%          3    ###....


Dungeon Overview and Level Annotations

Branches:
Dungeon (7/15)             Temple (1/1) D:6

Altars:
Cheibriados
Fedhas
Sif Muna
Wu Jian
Xom

Shops:
D:6 :

Annotations:
D:2 1 runed door


Innate Abilities, Weirdness & Mutations

You cannot wear armour.
You are incapable of wielding weapons or throwing items.
Your paws allow you to move quietly. (Stealth)
((You have sharp claws.))
((You have razor-sharp teeth.))
You have supernaturally acute eyesight. (SInv)
You are carnivorous and can eat meat at any time.
((You cover ground quickly.))
((You are covered in fur. (AC +1)))
You have a slow metabolism.
((Your sharp claws are effective at attacking unaware monsters.))
((You have a pair of small horns on your head.))
You tend to lose your temper in combat.
((Your flesh is cold resistant. (rC+)))


Message History

Evoke which item? (* to show all) (? for menu, Esc to quit)
Aiming: Polymorph
Press: ? - help, Shift-Dir - straight line, f - water moccasin
Aim: a water moccasin (moderately wounded, chance to defeat MR: 49%)
Okay, then.
Evoke which item? (* to show all) (? for menu, Esc to quit)
Okay, then.
You aren't carrying any potions.
Unknown command.
Okay, then.
Evoke which item? (* to show all) (? for menu, Esc to quit)
Aiming: Polymorph
Press: ? - help, Shift-Dir - straight line, f - you That beam is likely to hit you.
Continue anyway?
You turn into a tree.
Your roots penetrate the ground.
* * * LOW HITPOINT WARNING * * *
You feel sick.
The water moccasin bites you but does no damage.
The water moccasin bites you.
You die...

...####### ####
.........#####...
.....###...#...#
... ##.....# .
##.._..##
#.......#
##♣S..._.##
###.........###
#.............#
#######<#######
###


You could see a water moccasin.

Vanquished Creatures
  A sky beast (D:7)
  A bullfrog (D:6)
  A hound (D:7)
  A centaur skeleton (D:7)
  A leopard gecko (D:6)
  An orc (D:5)
  A bat (D:2)
  A giant cockroach (D:6)
  A goblin (D:1)
  A hobgoblin (D:2)
  A kobold (D:2)
  A quokka (D:2)
  A rat (D:1)
13 creatures vanquished.

Notes
Turn   | Place    | Note
-------+----------+-------------------------------------------
     0 | D:1      | 4thArraOfDagon the Felid Wanderer began the quest for the Orb.
     0 | D:1      | 4thArraOfDagon set off with: a book of Necromancy, the Handbook of Air, a ration
     0 | D:1      | Reached XP level 1. HP: 9/9 MP: 4/4
     0 | D:1      | Identified the Handbook of Air
     2 | D:1      | Learned a level 1 spell: Pain
   210 | D:2      | Found a runed door.
   239 | D:2      | Reached skill level 1 in Dodging
   314 | D:5      | Entered Level 5 of the Dungeon
   341 | D:5      | Noticed a worker ant
   383 | D:5      | Reached XP level 2. HP: 10/13 MP: 1/6
   482 | D:5      | Noticed a phantom
   560 | D:6      | Found a deep blue altar of Sif Muna.
   560 | D:6      | Noticed a bullfrog
   560 | D:6      | Noticed a crimson imp
   565 | D:6      | Found an ornate altar of the Wu Jian Council.
   580 | D:6      | Noticed a crimson imp
   593 | D:6      | Noticed a crimson imp
   627 | D:7      | Learned a level 1 spell: Animate Skeleton
   725 | D:7      | Gained mutation: Your flesh is cold resistant. (rC+) [potion of mutation]
   725 | D:7      | Gained mutation: You tend to lose your temper in combat. [potion of mutation]
   725 | D:7      | Gained mutation: You have a pair of small horns on your head. [potion of mutation]
   752 | D:7      | Noticed a sky beast
   771 | D:7      | Killed a sky beast
   771 | D:7      | Reached skill level 4 in Necromancy
   771 | D:7      | Reached XP level 3. HP: 16/16 MP: 7/7
   771 | D:7      | Reached XP level 4. HP: 19/19 MP: 8/8
   783 | D:7      | Learned a level 3 spell: Vampiric Draining
   796 | D:7      | Reached skill level 5 in Necromancy
   822 | D:6      | Found Hixumini's Book Boutique.
   822 | D:6      | Noticed a centaur
   827 | D:6      | Shot with an arrow by a centaur
   828 | D:6      | Reached XP level 3. HP: -2/16 MP: 7/7
   865 | D:7      | Reached XP level 4. HP: 13/19 MP: 2/8
   993 | D:6      | Noticed a bullfrog
  1007 | D:6      | Killed a bullfrog
  1007 | D:6      | Reached XP level 5. HP: 12/22 MP: 5/9
  1066 | D:6      | Found a staircase to the Ecumenical Temple.
  1068 | D:6      | Noticed a water moccasin
  1075 | Temple   | Entered the Ecumenical Temple
  1080 | Temple   | Became a worshipper of Cheibriados the Contemplative
  1098 | Temple   | Slain by a water moccasin

Vault maps used:
D:1:      dpeg_arrival_tiny_g, minivault_14
D:2:      grunt_ministairs_11, kennysheep_boxes, uniq_crazy_yiuf_cottage
D:3:      tgw_trog, first_ration, uniq_sigmund
D:5:      grunt_dithmenos_smoke_and_mirrors, uniq_pikel
D:6:      lemuel_crystal_altar, lemuel_crystal_altar, kennysheep_mini,
          minmay_temple_entry_trees, serial_shops, shop_statue, elyvilon_altar_1
Temple:   kb_temple_of_zot

Skill      XL: |  1  2  3  4 |
---------------+-------------+-----
Dodging        | 1 |  1.2
Necromancy     | 4 5 |  5.9
Fighting       | |  2.0
Stealth        | |  2.6
Spellcasting   | |  2.0
Charms         | |  1.2
Evocations     | |  1.1

Action                   |  1- 3 |  4- 6 || total
-------------------------+-------+-------++-------
Melee: Unarmed           |    17 |    23 ||    40
       Headbutt          |     2 |     4 ||     6
       Bite              |     1 |     1 ||     2
 Cast: Pain              |    16 |       ||    16
       Vampiric Draining |     1 |     2 ||     3
Evoke: Wand              |     1 |     3 ||     4
  Use: Scroll            |     4 |     3 ||     7
       Potion            |     3 |     2 ||     5
 Stab: Sleeping          |     2 |     1 ||     3
  Eat: Chunk             |     2 |     3 ||     5
Armor: Skin              |     7 |     9 ||    16
Dodge: Dodged            |    19 |    35 ||    54

Table legend:
 A = Spawn XP
 B = Non-spawn XP
 C = Spawn XP percentage of total XP
 D = Spawn monster count
 E = Non-spawn monster count
 F = Spawn count percentage of total count
 G = Total turns spent on level
                    A         B        C        D         E        F      G
               +---------+---------+-------+---------+---------+-------+---------
         Total |       0 |     324 |   0.0 |       0 |      13 |   0.0 |  1098
               +---------+---------+-------+---------+---------+-------+---------
           D:1 |       0 |       3 |   0.0 |       0 |       2 |   0.0 |    59
           D:2 |       0 |       8 |   0.0 |       0 |       4 |   0.0 |   195
           D:5 |       0 |       3 |   0.0 |       0 |       1 |   0.0 |   246
           D:6 |       0 |     101 |   0.0 |       0 |       3 |   0.0 |   164
           D:7 |       0 |     209 |   0.0 |       0 |       3 |   0.0 |   351
               +---------+---------+-------+---------+---------+-------+---------
